 Dungeon Crawl Stone Soup version 0.20.0-10-g0535bb4 (webtiles) character file.

19 Manul the Ducker (level 2, -5/16 HPs)
             Began as a Spriggan Abyssal Knight on June 4, 2017.
             Was a Follower of Lugonu.
             Killed themself with a badly aimed iceblast (7 damage)
             ... on level 1 of the Dungeon.
             The game lasted 00:01:20 (573 turns).

Manul the Ducker (Spriggan Abyssal Knight)           Turns: 573, Time: 00:01:21

Health: -5/16      AC:  4    Str:  8    XL:     2   Next: 55%
Magic:  4/4        EV: 18    Int: 13    God:    Lugonu [*.....]
Gold:   56         SH:  0    Dex: 15    Spells: 1/1 levels left

rFire    . . .     SeeInvis +   a - +1 short sword
rCold    . . .     Gourm    .   (shield restricted)
rNeg     . . .     Faith    .   d - +0 troll leather armour
rPois    .         Spirit   .   (helmet restricted)
rElec    .         Reflect  .   (no cloak)
rCorr    .         Harm     .   (gloves unavailable)
MR       .....                  (boots unavailable)
Stlth    +.........             (no amulet)
Regen    0.5/turn               (no ring)
MPRegen  0.1/turn               (no ring)

@: lethally poisoned (-5 -> -19), flying, hasted, very quick
A: unfitting armour, see invisible, herbivore 3, speed 3, slow metabolism 2
a: Depart the Abyss, Renounce Religion


You were on level 1 of the Dungeon.
You worshipped Lugonu.
Lugonu was aware of your devotion.
You were not hungry.

You visited 1 branch of the dungeon, and saw 1 of its levels.
You visited the Abyss 1 time.

You collected 56 gold pieces.

Inventory:

Hand Weapons
 a - a +1 short sword (weapon)
Armour
 b - a +0 robe
 d - a +0 troll leather armour (worn)
Wands
 e - a wand of iceblast (7/15)
Scrolls
 i - 4 scrolls of teleportation {unknown}
 j - a scroll of enchant armour {unknown}
Potions
 g - a potion of haste
Comestibles
 c - 2 bread rations
 f - 2 fruits


   Skills:
 + Level 2.8 Fighting
 + Level 2.3 Short Blades
 + Level 0.1 Armour
 + Level 3.9 Dodging
 + Level 1.9 Invocations


You had one spell level left.
You didn't know any spells.

Dungeon Overview and Level Annotations

Branches:
Dungeon (1/15)

Altars:


Innate Abilities, Weirdness & Mutations

You are very small and have problems with some larger weapons.
You are too small for most types of armour.
You have supernaturally acute eyesight. (SInv)
You are a herbivore.
You cover ground extremely quickly.
You need consume almost no food.


Message History

You are too injured to fight recklessly!
You are too injured to fight recklessly!
It was a potion of haste.
You feel yourself speed up.
* * * LOW HITPOINT WARNING * * *
You feel sick. The kobold completely misses you.
It was a potion of flight.
You feel very buoyant.
You fly up into the air.
* * * LOW HITPOINT WARNING * * *
You feel sick.
Evoke which item? (* to show all) (? for menu, Esc to quit)
Aiming: Iceblast (will waste charges)
Press: ? - help, Shift-Dir - straight line, f - kobold
Aim: a kobold, wielding a whip of venom That beam is likely to hit you.
Continue anyway?
The mass of ice explodes!
The iceblast engulfs the kobold.
You kill the kobold!
Lugonu accepts your kill. The iceblast engulfs you!
You die...

.......####......#########
........##..##.#..
#.....#.##.###.#
............#..# ###
..........#...#####....
#.#.#...............#
......#....#.....####
#.##.......#.###.# .
#.#.....#.# #@#
.....##.#.# #)# .##.#.
#...# #g# #.. #..## #.#
#K# ... ... ...


You could see a hobgoblin and a kobold.

Vanquished Creatures
  An ooze (D:1)
  A leopard gecko (D:1)
  2 goblins (D:1)
  2 ball pythons (D:1)
  2 bats (D:1)
  4 frilled lizards (D:1)
  A kobold (D:1)
  3 rats (D:1)
16 creatures vanquished.

Notes
Turn   | Place    | Note
-------+----------+-------------------------------------------
     0 | Abyss:1  | Manul the Spriggan Abyssal Knight began the quest for the Orb.
     0 | Abyss:1  | Reached XP level 1. HP: 11/11 MP: 3/3
   144 | Abyss:2  | Noticed a thrashing horror
   146 | Abyss:2  | Noticed a tentacled starspawn
   155 | Abyss:2  | Noticed a starcursed mass
   187 | Abyss:2  | Noticed a starcursed mass
   207 | Abyss:2  | Noticed a thrashing horror
   217 | D:1      | Escaped the Abyss
   388 | D:1      | Reached * piety under Lugonu
   462 | D:1      | Reached XP level 2. HP: 16/16 MP: 4/4
   573 | D:1      | Killed themself with a badly aimed iceblast

Action                   || total
-------------------------++-------
Melee: Short sword       ||    51
Invok: Depart the Abyss  ||     1
Evoke: Wand              ||     1
  Use: Scroll            ||     2
       Potion            ||     3
Armor: Troll leather arm ||     7
Dodge: Dodged            ||    56
